 Dungeon Crawl Stone Soup version 0.29-a0-234-g0dae59b3db (webtiles) character file.

Game seed: 17815291101620403822

95 Hubjo the Sneak (level 4, -1/33 HPs)
             Began as a Vampire Enchanter on Mar 2, 2022.
             Was a Plaything of Xom.
             Slain by an adder (3 damage)
             ... on level 4 of the Dungeon.
             The game lasted 00:04:20 (1760 turns).

Hubjo the Sneak (Vampire Enchanter)                 Turns: 1760, Time: 00:04:20

Health: -1/33      AC:  2    Str:  7      XL:     4   Next: 39%
Magic:  7/7        EV: 13    Int: 13 (17) God:    Xom [..*...]
Gold:   180        SH:  0    Dex: 16      Spells: 1/7 levels left

rFire   . . .      SeeInvis +   a - +1 dagger (vamp)
rCold   . . .      Faith    .   (no shield)
rNeg    . . .      Spirit   .   b - +0 robe
rPois   .          Reflect  .   (no helmet)
rElec   .          Harm     .   (no cloak)
rCorr   .          Rampage  .   (no gloves)
Will    .....                   (no boots)
Stlth   +++.......              (no amulet)
HPRegen 0.31/turn               (no ring)
MPRegen 0.10/turn               (no ring)

@: lethally poisoned (-1 -> -3), healing quickly, very slow
A: alive, fangs 3, see invisible, vampiric 2
a: Exsanguinate, Renounce Religion


You were on level 4 of the Dungeon.
You worshipped Xom.
You were a toy of Xom.
You visited 1 branch of the dungeon, and saw 4 of its levels.

You collected 180 gold pieces.

Inventory:

Hand Weapons
 a - a +1 vampiric dagger (weapon)
Armour
 b - a +0 robe (worn)
Wands
 i - a wand of flame (16)
Scrolls
 d - a scroll of vulnerability
 h - a scroll of identify
 l - a scroll of noise {unknown}
 m - 2 scrolls of enchant armour
Potions
 c - a potion of invisibility
 g - a potion of mutation {unknown}
 k - 2 potions of ambrosia
 n - a potion of flight {unknown}
 o - a potion of might {unknown}


   Skills:
 * Level 1.9 Fighting
 + Level 1.9 Short Blades
 + Level 2.8 Dodging
 * Level 5.5 Stealth
 - Level 2.0 Spellcasting
 + Level 5.0 Hexes


You had one spell level left.
You knew the following spells:

 Your Spells              Type           Power      Damage    Failure   Level
a - Tukima's Dance        Hex            14%        N/A       10%         3
b - Dazzling Flash        Conj/Hex       14%        N/A       26%         3

Your spell library contained the following spells:

 Spells                   Type           Power      Damage    Failure   Level
 Animate Skeleton         Necr           2%         N/A       26%         1
 Apportation              Tloc           2%         N/A       26%         1
 Summon Small Mammal      Summ           4%         N/A       26%         1
 Confusing Touch          Hex            14%        N/A       10%         3
 Ensorcelled Hibernation  Hex/Ice        14%        N/A       14%         2
 Sublimation of Blood     Necr           1%         N/A       36%         2
 Wereblood                Tmut           1%         N/A       36%         2
 Summon Hydra             Summ           0%         N/A       100%        7


Dungeon Overview and Level Annotations

Branches:
Dungeon (4/15)
 Temple: D:4-7

Altars:
Cheibriados
Xom


Innate Abilities, Weirdness & Mutations

Your natural rate of healing is accelerated.
You have razor-sharp teeth.
You have supernaturally acute eyesight. (SInv)
You are afflicted with vampirism and can become a bat while bloodless.


Message History

You are poisoned.
The adder poisons you!
You barely miss the adder.
The adder is heavily wounded.
You feel sick. The adder bites you.
You closely miss the adder.
The adder is heavily wounded.
You feel sick. The adder completely misses you. The adder bites you.
You hit the adder.
The adder is severely wounded.
You feel sick. The adder bites you but does no damage.
You closely miss the adder.
The adder is severely wounded.
You feel sick. The adder bites you but does no damage.
You hit the adder but do no damage. Your bite misses the adder.
The adder is severely wounded.
You feel sick.
You are no longer poisoned.
The adder barely misses you.
You miss the adder.
The adder is severely wounded.
The adder bites you.
* * * LOW HITPOINT WARNING * * *
You are poisoned.
The adder poisons you!
You miss the adder.
The adder is severely wounded.
You feel sick. The adder bites you.
* * * LOW HITPOINT WARNING * * *
You are lethally poisoned!
The adder poisons you!
You hit the adder.
The adder is almost dead.
* * * LOW HITPOINT WARNING * * *
You feel sick. The adder completely misses you. The adder barely misses you.
You hit the adder.
You feel better.
The adder is almost dead.
* * * LOW HITPOINT WARNING * * *
You feel sick. The adder bites you.
You die...

, **,, *, ,
*** , ** ,* ,*
#...* ,, * , ,
#... , ### *
***#..,* ,
.... ,,,...,#
* , .....
*##.#.#
*#....* #..#.#
#....####....#
* #.......#S@#
, #.......#..#
#.......'..#
#.......##.#
#.......##.# ,
#.......##.#
#######.##.#
#.##.# #.##.#


You could see an adder.

Vanquished Creatures
  Jessica (D:2)
  2 adders (D:2)
  A worm (D:4)
  3 orcs (D:4)
  4 ball pythons
  6 endoplasms
  3 giant cockroaches (D:1)
  6 goblins
  5 hobgoblins
  3 kobolds
  A quokka (D:2)
  2 bats
  A frilled lizard (D:2)
  3 rats (D:2)
41 creatures vanquished.

Vanquished Creatures (others)
  An orc (D:3)
  3 plants
4 creatures vanquished.

Grand Total: 45 creatures vanquished

Notes
Turn   | Place    | Note
-------+----------+-------------------------------------------
     0 | D:1      | Hubjo the Vampire Enchanter began the quest for the Orb.
     0 | D:1      | Reached XP level 1. HP: 13/13 MP: 3/3
   215 | D:1      | Reached XP level 2. HP: 16/20 MP: 5/5
   407 | D:1      | Reached skill level 1 in Fighting
   531 | D:1      | Reached skill level 5 in Stealth
   595 | D:1      | Found a faded altar of an unknown god.
   616 | D:1      | Prayed at the altar of an unknown god.
   616 | D:1      | Became a worshipper of Cheibriados the Contemplative
   616 | D:1      | Reached * piety under Cheibriados
   748 | D:2      | Found a shimmering altar of Xom.
   799 | D:2      | Fell from the grace of Cheibriados
   799 | D:2      | Became a worshipper of Xom of Chaos
   869 | D:2      | Gained mutation: You are afflicted with vampirism and can
                  | become a bat while bloodless. [Vampire growth]
   869 | D:2      | Reached XP level 3. HP: 26/26 MP: 6/6
   990 | D:2      | XOM: silly message
  1084 | D:2      | XOM: smoke on damage
  1195 | D:2      | Noticed Jessica
  1202 | D:2      | Killed Jessica
  1203 | D:2      | Reached XP level 4. HP: 33/33 MP: 7/7
  1405 | D:2      | Learned a level 3 spell: Tukima's Dance
  1409 | D:2      | Learned a level 3 spell: Dazzling Flash
  1566 | D:3      | Noticed a kobold brigand
  1738 | D:4      | XOM: divination: magic mapping
  1750 | D:4      | Reached skill level 5 in Hexes
  1760 | D:4      | Slain by an adder

Illustrated notes

Levels and vault maps discovered:
D:1:      pf_arrival_petrified_forest, layout_rooms,
          dilly_ecumenical_altar_fadedgnrine, roderic_three_in_a_row
D:2:      layout_loops_cross, basic_altar, grunt_ministairs_6, uniq_jessica
D:3:      layout_basic, nicolae_hepliaklqana_monster_ancestors,
          minmay_misc_feat_chi
D:4:      layout_basic, lemuel_mausoleum_altar_kikubaaqudgha,
          minmay_temple_entry_overgrown, uniq_edmund, uniq_crazy_yiuf_cottage

Skill      XL: |  1  2  3  4 |
---------------+-------------+-----
Fighting       | 1 |  1.9
Stealth        | 5 |  5.5
Hexes          | 5 |  5.0
Short Blades   | |  1.9
Dodging        | |  2.8
Spellcasting   | |  2.0

Action                   |  1- 3 |  4- 6 || total
-------------------------+-------+-------++-------
Melee: Dagger            |    92 |    56 ||   148
       Bite              |    13 |     3 ||    16
       Punch             |     1 |     1 ||     2
Evoke: Wand              |       |     1 ||     1
  Use: Scroll            |       |     7 ||     7
 Stab: Sleeping          |     8 |     5 ||    13
Armor: Robe              |    12 |     7 ||    19
Dodge: Dodged            |    40 |    28 ||    68

Table legend: (Time is in decaauts)
 A = Elapsed time spent in this place.
 B = Non-inter-level travel time spent in this place.
 C = Inter-level travel time spent in this place.
 D = Time resting spent in this place.
 E = Time spent auto-exploring this place.
 F = Levels seen in this place.
 G = Mean time per level.
                   A        B        C        D        E       F      G
               +--------+--------+--------+--------+--------+-----+--------+
         Total |   2069 |   1992 |     77 |     26 |   1510 |   4 |  517.2 |
       Dungeon |   2069 |   1992 |     77 |     26 |   1510 |   4 |  517.2 |
               +--------+--------+--------+--------+--------+-----+--------+

Top non-repeatable levels by time:
     D:2: 965 daAuts
     D:1: 658 daAuts
     D:3: 299 daAuts
     D:4: 146 daAuts
